 Dungeon Crawl Stone Soup version 0.28.0-47-ge53b351184 (webtiles) character file.

Game seed: 9923964006544077347

1440 GigaChad the Covered (level 8, -12/69 HPs)
             Began as a Minotaur Fighter on May 9, 2022.
             Was a Believer of Nemelex Xobeh.
             Mangled by a two-headed ogre
             ... wielding a +0 giant club
              (18 damage)
             ... on level 6 of the Dungeon.
             The game lasted 00:14:32 (6104 turns).

GigaChad the Covered (Minotaur Fighter)             Turns: 6104, Time: 00:14:33

Health: -12/69     AC:  9    Str: 22    XL:     8   Next: 46%
Magic:  7/7        EV:  7    Int:  5    God:    Nemelex Xobeh [**....]
Gold:   397        SH:  5    Dex: 11    Spells: 7/7 levels left

rFire   . . .      SeeInvis +   q - +14 obsidian axe {vorpal, Mesm Drain Fly SInv}
rCold   . . .      Faith    .   c - +0 buckler
rNeg    . . .      Spirit   .   D - +0 plate armour
rPois   .          Reflect  .   (helmet restricted)
rElec   .          Harm     .   (no cloak)
rCorr   .          Rampage  .   (no gloves)
Will    .....                   (no boots)
Stlth   ..........              i - amulet of regeneration
HPRegen 1.01/turn               (no ring)
MPRegen 0.10/turn               (no ring)

@: corroded, flying, mesmerised
A: horns 2, retaliatory headbutt
a: Renounce Religion, Draw Escape, Draw Destruction, Draw Summoning


You were on level 6 of the Dungeon.
You worshipped Nemelex Xobeh.
Nemelex Xobeh was pleased with you.
You visited 1 branch of the dungeon, and saw 6 of its levels.

You collected 397 gold pieces.

Inventory:

Hand Weapons
 a - a +1 long sword
 j - a +0 halberd
 q - the +14 obsidian axe (weapon) {vorpal, Mesm Drain Fly SInv}
   (You found it on level 3 of the Dungeon)

   It inflicts extra damage upon your enemies.
   It occasionally summons demons to assist the wielder when it strikes in
   combat.
   Its wielder is mesmerised by any visible foes.
   It cannot be unequipped while any foes are visible.
   SInv:      It lets you see invisible.
   Fly:       It grants you flight.
   Drain:     It drains your maximum health when unequipped.
 t - a +2 antimagic hand axe
 y - a +0 shortbow
Missiles
 z - 68 arrows
Armour
 b - a +0 scale mail
 c - a +0 buckler (worn)
 o - a +0 chain mail
 x - an orb of mayhem
 D - a +0 plate armour (worn)
Jewellery
 i - an amulet of regeneration (around neck)
 u - an amulet of magic regeneration
 A - a ring of willpower
Wands
 s - a wand of acid (3)
 E - a wand of flame (10)
Scrolls
 f - a scroll of acquirement {unknown}
 m - a scroll of fog
 n - 3 scrolls of silence
 v - 2 scrolls of teleportation {unknown}
 w - a scroll of holy word {unknown}
 B - a scroll of enchant armour {unknown}
 C - a scroll of identify
Potions
 d - 2 potions of might
 e - a potion of brilliance {unknown}
 g - a potion of curing {unknown}
 h - 2 potions of attraction {unknown}
 k - 2 potions of flight {unknown}
 l - a potion of mutation {unknown}
 p - 2 potions of haste {unknown}
 r - a potion of magic {unknown}


   Skills:
 + Level 5.5 Fighting
 + Level 4.9 Long Blades
 + Level 6.9 Axes
 + Level 7.2 Armour
 + Level 2.0 Dodging
 + Level 1.1 Stealth
 + Level 5.8 Shields


You had 7 spell levels left.
You didn't know any spells.
Your spell library contained the following spells:

 Spells                   Type           Power      Damage    Failure   Level
 Magic Dart               Conj           0%         1d3       100%        1
 Call Imp                 Summ           0%         N/A       100%        2
 Frozen Ramparts          Ice            0%         1d2       100%        3
 Mephitic Cloud           Conj/Pois/Air  0%         N/A       100%        3
 Ice Form                 Ice/Tmut       0%         N/A       100%        4
 Summon Ice Beast         Ice/Summ       0%         N/A       100%        4


Dungeon Overview and Level Annotations

Branches:
Dungeon (6/15)
 Temple: D:4-7

Altars:
Elyvilon
Makhleb
Nemelex Xobeh
Ru

Shops:
D:5 *:

Annotations:
D:3 1 transporter


Innate Abilities, Weirdness & Mutations

You have a pair of horns on your head.
You reflexively headbutt those who attack you in melee.


Message History

The centaur wields a +0 shortbow.
The centaur shoots an arrow.
You block the arrow.
The centaur shoots an arrow.
The arrow hits you but does no damage.
The centaur shoots an arrow.
The arrow hits you!
The centaur shoots an arrow.
The arrow barely misses you.
The centaur shoots an arrow.
The arrow hits you.
The centaur unwields a +0 shortbow.
The centaur hits you but does no damage.
The centaur kicks you but does no damage.
You slice the centaur!!
You are no longer entranced.
You kill the centaur!
z - 68 arrows (gained 17)
You see here a +0 shortbow.
The sentinel's mark upon you fades away.
A two-headed ogre comes into view. It is wielding two +0 giant clubs.
Visions of slaying the two-headed ogre flood into your mind.
The two-headed ogre shouts in stereo!
You barely miss the two-headed ogre. You block the two-headed ogre's attack.
The two-headed ogre hits you but does no damage.
You slash the two-headed ogre! You open a gate to Pandemonium!
A demon appears!
It doesn't seem very happy.
The two-headed ogre is moderately wounded.
The two-headed ogre hits you with a +0 giant club! x2
You slice the two-headed ogre!!
The two-headed ogre is severely wounded.
The two-headed ogre hits you with a +0 giant club! x2
You slash the two-headed ogre!
The two-headed ogre is almost dead.
You hit the rust devil. The rust devil hits you. The rust devil corrodes you!
The two-headed ogre hits you with a +0 giant club!!
* * * LOW HITPOINT WARNING * * *
The two-headed ogre closely misses you.
You slash the two-headed ogre!
The two-headed ogre is almost dead.
You slash the rust devil! The rust devil barely misses you.
You block the two-headed ogre's attack.
The two-headed ogre hits you with a +0 giant club!!
You die...
Your body disappears without a glow.

#.##.# #.#########.#
#.##.## #........##.#
#.....# #######...#.#
#.##..# #...#.# #.##..#
#########...#.# #.##.(#
#..............
#)##..###.####.........
#.##........##.........
#....4@O..#............
#####.#####............
#.# #.#####...### #.#
#. ###.# #.# # #.# #.#
#.# #.. #.# ###


You could see a two-headed ogre (mesmerising) and a rust devil (summoned).

Vanquished Creatures
  Grinder (D:5)
  A black bear (D:3)
  An ice beast (D:6)
  An ogre (D:5)
  A centaur (D:6)
  A bullfrog (D:4)
  A howler monkey (D:5)
  A centaur zombie (D:5)
  A bullfrog skeleton (D:5)
  A gnoll shaman (D:4)
  3 orc priests
  3 hounds
  A jelly (D:5)
  4 iguanas
  4 orc wizards
  Robin (D:3)
  6 adders
  A white imp (D:5)
  An ufetubus (D:5)
  An adder skeleton (D:4)
  A worm (D:3)
  A dart slug (D:4)
  11 orcs
  2 endoplasms
  4 giant cockroaches
  20 goblins
  5 hobgoblins
  2 quokkas (D:2)
  4 ball pythons
  6 bats
  2 frilled lizards (D:1)
  6 kobolds
  8 rats
107 creatures vanquished.

Vanquished Creatures (collateral kills)
  A centaur (D:5)
  An orc wizard (D:5)
  An ufetubus (D:5)
  2 orcs (D:5)
5 creatures vanquished.

Grand Total: 112 creatures vanquished

Notes
Turn   | Place    | Note
-------+----------+-------------------------------------------
     0 | D:1      | GigaChad the Minotaur Fighter began the quest for the Orb.
     0 | D:1      | Reached XP level 1. HP: 19/19 MP: 0/0
   357 | D:1      | Reached XP level 2. HP: 27/27 MP: 1/1
   611 | D:1      | Reached skill level 4 in Armour
   805 | D:1      | Reached XP level 3. HP: 33/33 MP: 2/2
  1730 | D:2      | Reached XP level 4. HP: 40/40 MP: 3/3
  1795 | D:3      | Noticed Robin
  1796 | D:3      | Reached skill level 1 in Dodging
  1806 | D:3      | Killed Robin
  1861 | D:3      | Noticed a black bear
  1868 | D:3      | Killed a black bear
  1869 | D:3      | Reached XP level 5. HP: 24/47 MP: 4/4
  2479 | D:3      | Reached skill level 5 in Armour
  2859 | D:3      | Found the +14 obsidian axe {vorpal, Mesm Drain Fly SInv}
  3207 | D:3      | Found a sparkling altar of Nemelex Xobeh.
  3207 | D:3      | Found a transporter.
  3207 | D:3      | Noticed an ogre
  3208 | D:3      | Noticed a black bear
  3216 | D:3      | Became a worshipper of Nemelex Xobeh the Trickster
  3258 | D:4      | Reached XP level 6. HP: 53/53 MP: 5/5
  3264 | D:4      | Reached skill level 1 in Axes
  3266 | D:4      | Reached skill level 5 in Fighting
  4382 | D:4      | Found a burning altar of Makhleb.
  4382 | D:4      | Found a sacrificial altar of Ru.
  4382 | D:4      | Found a white marble altar of Elyvilon.
  4625 | D:5      | Entered Level 5 of the Dungeon
  4633 | D:5      | Reached * piety under Nemelex Xobeh
  4639 | D:5      | Found Rim Vixu's Book Shop.
  4658 | D:5      | Reached XP level 7. HP: 61/61 MP: 6/6
  4664 | D:5      | Reached skill level 6 in Armour
  4676 | D:5      | Reached skill level 5 in Shields
  4762 | D:5      | Found Vugedd's Assorted Antiques.
  4818 | D:5      | Received a gift from Nemelex Xobeh
  5044 | D:5      | Noticed Grinder
  5048 | D:5      | Paralysed by Grinder for 2 turns
  5051 | D:5      | Killed Grinder
  5052 | D:5      | Reached skill level 5 in Axes
  5052 | D:5      | Reached skill level 1 in Stealth
  5052 | D:5      | Reached XP level 8. HP: 58/68 MP: 7/7
  5253 | D:5      | Reached skill level 7 in Armour
  5635 | D:5      | Reached ** piety under Nemelex Xobeh
  6016 | D:6      | Received a gift from Nemelex Xobeh
  6096 | D:6      | Noticed a two-headed ogre
  6101 | D:6      | Noticed a rust devil
  6104 | D:6      | Mangled by a two-headed ogre

Illustrated notes

Levels and vault maps discovered:
D:1:      mrwooster_arrival_statue_2, layout_loops_ring
D:2:      wad_river_or_something, layout_rooms
D:3:      layout_rooms, grunt_nemelex_the_gamble, uniq_robin
D:4:      layout_loops_ring, chequers_temple_overflow_statue_of_worship,
          kennysheep_diamond, nicolae_elevator_lobby_asterisk
D:5:      layout_basic, serial_shops,
          nicolae_shop_temple_entry_statues_fountains,
          nicolae_shop_overgrown_old_shop, uniq_grinder
D:6:      layout_loops_ring, minmay_temple_entry_glassed_door

Skill      XL: |  1  2  3  4  5  6  7  8 |
---------------+-------------------------+-----
Fighting       | 4 5 |  5.5
Shields        | 4 5 |  5.8
Armour         | 4 5 6 7 |  7.2
Long Blades    | 3 4 |  4.9
Dodging        | 1 2 |  2.0
Axes           | 2 5 6 |  6.9
Stealth        | 1 |  1.1

Action                   |  1- 3 |  4- 6 |  7- 9 || total
-------------------------+-------+-------+-------++-------
Melee: Long sword        |    81 |    38 |       ||   119
       Headbutt          |     5 |     7 |     6 ||    18
       Broad axe         |       |    30 |    47 ||    77
  Use: Scroll            |       |     4 |       ||     4
 Stab: Distracted        |       |       |     1 ||     1
Armor: Scale mail        |    51 |     2 |       ||    53
       Chain mail        |       |    40 |    27 ||    67
       Plate armour      |       |       |     7 ||     7
Dodge: Dodged            |    53 |    41 |    15 ||   109
Block: Buckler           |    33 |    25 |    18 ||    76
